 Dungeon Crawl Stone Soup version 0.31.0-11-ge490571c62 (webtiles) character file.

Game seed: 10778123087196041810

326 Rassilon the Insei (level 6, -2/73 HPs)
             Began as a Demonspawn Monk on Jan 30, 2024.
             Incinerated by a bombardier beetle (4 damage)
             ... with a burning spray
             ... on level 3 of the Dungeon.
             The game lasted 00:14:40 (1854 turns).

Rassilon the Insei (Demonspawn Monk)                Turns: 1854, Time: 00:14:40

Health: -2/73      AC:  4    Str: 11    XL:     6   Next: 24%
Magic:  0/6        EV: 14    Int: 10    God:
Gold:   144        SH:  0    Dex: 18    Spells: 5/5 levels left

rFire   . .          .
                       - Unarmed
rCold   . . .        (no shield)
rNeg    . . .        a - +0 robe
rPois   .            q - +0 helmet
rElec   .            (no cloak)
rCorr   .            (no gloves)
SInv    .            (no boots)
Will    +....        g - amulet of guardian spirit Stlth
                     (no ring)
HPRegen 0.32/turn    (no ring)
MPRegen 0.10/turn

%: guardian spirit
@: brilliant, berserking (expiring), on fire, attractive, enlightened, flying,
glowing, very quick
A: claws 2, rugged brown scales 1, condensation shield
a: no special abilities


You were on level 3 of the Dungeon.
You visited 1 branch of the dungeon, and saw 3 of its levels.

You collected 144 gold pieces.

Inventory:

Missiles
 j - 5 poisoned darts (quivered)
Armour
 a - a +0 robe (worn)
 q - a +0 helmet (worn)
Jewellery
 g - an amulet of guardian spirit (around neck)
Talismans
 m - a flux talisman
Wands
 r - a wand of mindburst (16)
 s - a wand of polymorph (12)
Scrolls
 e - a scroll of poison {unknown}
 f - a scroll of torment {unknown}
 h - 4 scrolls of identify {unknown}
 k - a scroll of vulnerability {unknown}
 n - 2 scrolls of summoning {unknown}
Potions
 b - a potion of ambrosia
 d - a potion of enlightenment
 i - 2 potions of brilliance
 o - a potion of magic {unknown}
 p - a potion of curing {unknown}


   Skills:
 + Level 4.2 Fighting
 + Level 3.7 Dodging
 * Level 4.7 Unarmed Combat
 + Level 1.5 Shapeshifting


You had 5 spell levels left.
You didn't know any spells.
Your spell library contained the following spells:

 Spells                   Type           Power      Damage    Failure   Level
 Blink                    Tloc           0%         N/A       50%         2
 Lesser Beckoning         Tloc           0%         N/A       50%         2
 Momentum Strike          Conj/Tloc      0%         3d8       50%         2


Dungeon Overview and Level Annotations

Branches:
Dungeon (3/15)

Altars:

Shops:
D:1 (

Annotations:
D:3 Robin


Innate Abilities, Weirdness & Mutations

You have very sharp fingernails.
You are partially covered in rugged brown scales. (AC +1, +3% HP)
A meltable shield of frost defends you. (SH +0)


Message History

The liquid fire burns you!
You claw the bombardier beetle!
You kill the bombardier beetle!
The liquid fire burns you!
You are on fire!
You are on fire!
You are on fire!
You are on fire!
The liquid fire burns you! The liquid fire burns you!
The liquid fire burns you!
It was a potion of enlightenment.
You feel very buoyant.
You fly up into the air.
The liquid fire burns you!
* * * LOW HITPOINT WARNING * * *
It was a potion of brilliance.
You feel clever all of a sudden. The liquid fire burns you!
* * * LOW HITPOINT WARNING * * *
It was a potion of attraction.
You feel attractive to monsters. The liquid fire burns you!
* * * LOW HITPOINT WARNING * * *
It was a potion of berserk rage.
A red film seems to cover your vision as you go berserk!
You feel yourself moving faster!
You feel mighty! The liquid fire burns you!
* * * LOW HITPOINT WARNING * * *
You are too berserk!
You are too berserk!
You are on fire!
You feel a strong urge to attack something.
The liquid fire burns you!
* * * LOW HITPOINT WARNING * * *
The liquid fire burns you!
* * * LOW HITPOINT WARNING * * *
You feel your anger nearly subside. The liquid fire burns you!
You die...

.........## #.....#
######....###.....#
##.............
#).#.#####..### #.##.#
#...## # ##)##.#...###
#.####..##...##
#...†..####.# ##
#...@..###..### #.
#...####.........#####.
##. ##.....#.##.......
..##...†.##.####.....
#.........#..........
.............#....##.
###......)##.#.#####.
#..................
#.......##....#.....


There were no monsters in sight!

Vanquished Creatures
  Grinder (D:3)
  A bombardier beetle (D:3)
  5 adders
  7 dart slugs
  2 ball pythons
  2 endoplasms
  6 giant cockroaches
  5 goblins
  4 hobgoblins
  6 jackals
  2 quokkas
  3 bats
  2 frilled lizards
  5 kobolds
  7 rats
58 creatures vanquished.

Notes
Turn   | Place    | Note
-------+----------+-------------------------------------------
     0 | D:1      | Rassilon the Demonspawn Monk began the quest for the Orb.
     0 | D:1      | Reached XP level 1. HP: 18/18 MP: 1/1
   137 | D:1      | Found Dyirei's Weapon Emporium.
   163 | D:1      | Gained mutation: You have sharp fingernails. [demonic
                  | ancestry]
   163 | D:1      | Reached XP level 2. HP: 24/24 MP: 2/2
   472 | D:1      | Found a faded altar of an unknown god.
   548 | D:1      | Gained mutation: You have very sharp fingernails. [demonic
                  | ancestry]
   548 | D:1      | Reached XP level 3. HP: 20/29 MP: 1/3
   976 | D:2      | Gained mutation: A meltable shield of frost defends you.
                  | (SH +0) [demonic ancestry]
   976 | D:2      | Reached XP level 4. HP: 27/36 MP: 4/4
  1474 | D:3      | Noticed Robin
  1637 | D:3      | Noticed Grinder
  1654 | D:3      | Paralysed by Grinder for 2 turns
  1810 | D:3      | Killed Grinder
  1811 | D:3      | Reached skill level 1 in Shapeshifting
  1811 | D:3      | Reached XP level 5. HP: 39/42 MP: 5/5
  1811 | D:3      | Gained mutation: You are partially covered in rugged brown
                  | scales. (AC +1, +3% HP) [demonic ancestry]
  1811 | D:3      | Reached XP level 6. HP: 39/49 MP: 6/6
  1853 | D:3      | HP: 2/73 [burnt (4)]
  1854 | D:3      | Incinerated by a bombardier beetle

Illustrated notes

Levels and vault maps discovered:
D:1:      elethiomel_arrival_quiet, layout_loops_ring, serial_shops,
          nicolae_shop_gibbet_a_chance, basic_ecumenical_altar
D:2:      cheibrodos_helix_gallery, layout_loops_ring, minmay_misc_feat_doors
D:3:      layout_rooms, uniq_crazy_yiuf_cottage, uniq_robin, uniq_terence,
          uniq_grinder

Skill      XL: |  1  2  3  4 |
---------------+-------------+-----
Unarmed Combat | 3 4 |  4.7
Dodging        | 3 |  3.7
Fighting       | 4 |  4.2
Shapeshifting  | 1 |  1.5

Action                     |  1- 3 |  4- 6 || total
---------------------------+-------+-------++-------
  Melee: Unarmed           |   100 |    68 ||   168
         Punch             |     1 |     2 ||     3
  Evoke: Wand              |       |     2 ||     2
    Use: Potion            |       |     4 ||     4
   Stab: Sleeping          |     3 |     1 ||     4
 Armour: Robe              |    38 |    25 ||    63
         Skin              |       |     3 ||     3
  Dodge: Dodged            |    67 |    46 ||   113
  Block: Other             |       |     5 ||     5
